Unix NetHack Version 5.0.0-0 post-release - last build Jun 10 2026 00:39:30 (3ee93aec679c4c4259841fe613dc97188e26a321,branch:main).

Game began 2026-06-29 10:15:26, ended 2026-06-29 11:25:53.

Ch3Begorrah, chaotic male human Rogue

                                                             ----------
                                                             |........|
                                            ----------       |........|
                                           #|........|       |........|
          -------     -------------        #.........|       +...n....|
          |.....|     |...........+       ##|........|       |........|
          |.....|     |...........|        #|.......>|       |........|
          |....^-#####.%...........        #|.`...{..-##     ----------
          |.....|     -------.-----        #---------- ##          #
          |.<...|            ###           ##           #          #
          -------              ##  #        ##          #         ##
                                ####         %          ###      ##
                                   #         ##           #      #
                                  ###         #           ##     #
                                  # ##        #            #-----.--------
                                   --.-.------#            #|............|
                                   +.........-#            #.............|
                                   |...l.(...|              |............|
                                   -----------              --------------

Ch3Begorrah the Cutpurse  St:18 Dx:18 Co:12 In:9 Wi:14 Ch:6  Chaotic
Dlvl:6  $:152 HP:0(31) Pw:8(8) AC:6  Xp:4 T:2320  Fainting

Latest messages:
 You can hear again.
 You faint from lack of food.
 You regain consciousness.
 You faint from lack of food.
 You regain consciousness.
 You can hear again.
 You swap places with your kitten.
 The door opens.
 You faint from lack of food.
 You regain consciousness.
 You faint from lack of food.
 You regain consciousness.
 You faint from lack of food.
 You dream that you feel yourself slow down a bit.
 You regain consciousness.
 You can hear again.
 You faint from lack of food.
 You regain consciousness.
 What do you want to zap? [uxyB or ?*] ?
 In what direction? >
 The bolt of fire hits you!
 Your leather armor smoulders!
 What do you want to drink? [dhrvwAHTU or ?*] w
 You feel wise!
 You can hear again.
 What do you want to use or apply? [efpuxyBFGIV or ?*] f
 You put a scroll labeled HACKEM MUCHE into the sack.
 You put a scroll labeled VENZAR BORGAVVE into the sack.
 You put a scroll labeled XOR OTA into the sack.
 You put a scroll called VF s38 into the sack.
 You put an uncursed scroll of fire into the sack.
 You put a scroll of identify into the sack.
 You put 2 scrolls of identify into the sack.
 You put 2 uncursed scrolls of remove curse into the sack.
 You put an uncursed scroll of teleportation into the sack.
 You put a clear potion named Unc into the sack.
 You put 2 clear potions into the sack.
 You put a potion called healing into the sack.
 You put a potion called healing into the sack.
 You put a potion of extra healing into the sack.
 You put a potion of gain energy into the sack.
 You put an uncursed potion of sickness into the sack.
 You put a potion of sickness into the sack.
 What do you want to zap? [uxyB or ?*] u
 In what direction? h
 The bolt of fire bounces!
 The bolt of fire hits you!
 Your boots smoulder!
 You die...
 Do you want your possessions identified? [ynq] (y) q

Inventory:
 Coins    ('$')
  $ - 152 gold pieces
 Weapons  (')')
  b - a +0 dagger
  g - 8 +0 daggers (at the ready)
  Q - 5 cursed +0 daggers
  O - the cursed -1 Sting
  I - the cursed +0 Snickersnee (weapon in right hand)
 Armor    ('[')
  l - an uncursed +0 pair of leather gloves (being worn)
  S - a blessed burnt +0 pair of elven boots (being worn)
  c - an uncursed burnt +1 leather armor (being worn)
 Comestibles  ('%')
  X - an uncursed tripe ration
 Rings    ('=')
  m - an uncursed ring of poison resistance named ok
 Wands    ('/')
  x - a wand of enlightenment (0:13)
  u - a blessed wand of fire (0:6)
  y - a wand of locking (0:7)
  B - a wand of make invisible (0:5)
 Tools    ('(')
  f - an uncursed sack containing 17 items
  F - an empty cursed sack
  V - an uncursed bell
  e - an uncursed lock pick
  G - a cursed lock pick
  p - an uncursed tin whistle
 Gems/Stones  ('*')
  R - an uncursed worthless piece of green glass
  n - 2 uncursed worthless pieces of red glass
  o - an uncursed worthless piece of white glass

Contents of the sack:
  an uncursed scroll of charging
  an uncursed scroll of amnesia
  an uncursed scroll of create monster
  an uncursed scroll of scare monster
  an uncursed scroll of fire
  an uncursed scroll of identify
  3 cursed scrolls of identify named cursed
  2 uncursed scrolls of remove curse
  an uncursed scroll of teleportation
  2 potions of unholy water
  an uncursed potion of water named Unc
  an uncursed potion of healing
  a cursed potion of healing
  a cursed potion of extra healing
  a blessed potion of gain energy
  an uncursed potion of sickness
  a blessed potion of sickness

Ch3Begorrah the Rogue's attributes:

Background:
 You were a Cutpurse, a level 4 male human Rogue.
 You were chaotic, nominally on a mission for Kos
 who was opposed by Issek (lawful) and Mog (neutral).
 You were right-handed.
 You were in the Dungeons of Doom, on level 6.
 You entered the dungeon 2320 turns ago.
 There was a full moon in effect when your adventure ended.
 You had 140 experience points, 20 more were needed to attain level 5.

Basics:
 You had 0 out of 31 hit points.
 You had all 8 energy points (spell power).
 Your armor class was 7.
 Your wallet contained 152 zorkmids.
 Autopickup was on for '$!/(' plus thrown, with exceptions.

Final Characteristics:
 Your strength was 18 (base:18/01, limit:18/100).
 Your dexterity was 18 (limit:18).
 Your constitution was 12 (limit:18).
 Your intelligence was 9 (limit:18).
 Your wisdom was 14 (limit:18).
 Your charisma was 6 (limit:18).

Final Status:
 You were fainting due to starvation.
 You were unencumbered.
 You were wielding a long sword.
 You were unskilled in long sword.

Final Attributes:
 You were piously aligned.
 You saw invisible.
 You were stealthy.
 You were warded.
 You were fast.
 You were lucky.
 You are dead.

Miscellaneous:
 You encountered 1 bones level.
 Total elapsed playing time was 1 hour, 10 minutes and 27 seconds.

Major events:
 Turn
    1: Ch3Begorrah the chaotic male human Rogue entered the dungeon
  302: entered the Gnomish Mines
 1139: attained the rank of Cutpurse (level 3)
 1645: found Sting on the floor
 1645: found Snickersnee on the floor
 2320: killed by a bolt of fire zapped by himself

You didn't know any spells.

Skills:
 Fighting Skills
   bare handed combat [Unskilled]
   two weapon combat  [Unskilled]
   riding             [Unskilled]
 Weapon Skills
   dagger             [Basic]
   knife              [Unskilled]
   short sword        [Basic]
   broadsword         [Unskilled]
   long sword         [Unskilled]
   two-handed sword   [Unskilled]
   saber              [Unskilled]
   club               [Unskilled]
   mace               [Unskilled]
   morning star       [Unskilled]
   flail              [Unskilled]
   hammer             [Unskilled]
   polearms           [Unskilled]
   spear              [Unskilled]
   crossbow           [Unskilled]
   dart               [Unskilled]
   shuriken           [Unskilled]
 Spellcasting Skills
   divination spells  [Unskilled]
   escape spells      [Unskilled]
   matter spells      [Unskilled]

Voluntary challenges:
 Character rerolling was not enabled.
 You followed a strict vegan diet.
 You were an atheist.
 You never genocided any monsters.
 You never polymorphed an object.
 You never changed form.
 You used no wishes.
Achievements:
 You entered the Gnomish Mines.
 You entered a shop.
 You attained the rank of Cutpurse.

 The Dungeons of Doom: levels 1 to 7
    Level 1:
    Level 2:
       A fountain, a sink.
    Level 3:
       A general store, some fountains.
       Stairs down to The Gnomish Mines.
    Level 4:
       A fountain, a sink, a grave.
    Level 5:
       An altar, some fountains.
       Final resting place for
          Brudee-Rog-Hum-Fem-Cha, killed by a rothe.
    Level 6: <- You were here.
       A fountain.
       Final resting place for
          you, killed by a bolt of fire zapped by yourself.
    Level 7:
 The Gnomish Mines:
    Level 4:


Vanquished creatures:
  3 gray oozes
  a floating eye
  a rothe
  a giant bat
  a dwarf zombie
 an iguana
  2 acid blobs
  2 large kobolds
  a red mold
  a gnome zombie
  4 geckos
  4 jackals
  3 goblins
  2 grid bugs
  2 bats
  a lichen
  a kobold zombie
  a newt
32 creatures vanquished.

No species were genocided or became extinct.

Game over:
                       ----------
                      /          \
                     /    REST    \
                    /      IN      \
                   /     PEACE      \
                  /                  \
                  |   Ch3Begorrah    |
                  |      152 Au      |
                  | killed by a bolt |
                  |  of fire zapped  |
                  |    by himself    |
                  |                  |
                  |       2026       |
                 *|     *  *  *      | *
        _________)/\\_//(\/(/\)/\//\/|_)_______

Goodbye Ch3Begorrah the Rogue...

You died in The Dungeons of Doom on dungeon level 6 with 1067 points,
and 152 pieces of gold, after 2320 moves.
You were level 4 with a maximum of 31 hit points when you died.

